 Dungeon Crawl Stone Soup version 0.28-a0-1415-g7c84da036a (webtiles) character file.

Game seed: 8519700366869053760

175 zap2161 the Magician (level 5, -4/35 HPs)
             Began as a Human Hedge Wizard on Jan 7, 2022.
             Was a Believer of Vehumet.
             Slain by a sky beast (5 damage)
             ... on level 4 of the Dungeon.
             The game lasted 00:32:22 (2523 turns).

zap2161 the Magician (Human Hedge Wizard)           Turns: 2523, Time: 00:32:23

Health: -4/35      AC:  2    Str: 16    XL:     5   Next: 86%
Magic:  0/11       EV: 12    Int: 17    God:    Vehumet [**....]
Gold:   120        SH:  0    Dex: 12    Spells: 4/12 levels left

rFire   . . .      SeeInvis +   o - +3 morningstar
rCold   . . .      Faith    .   (no shield)
rNeg    . . .      Spirit   .   b - +0 robe
rPois   .          Reflect  .   c - +0 hat
rElec   .          Harm     .   (no cloak)
rCorr   .          Rampage  .   (no gloves)
Will    .....                   (no boots)
Stlth   ++........              (no amulet)
HPRegen 0.11/turn               k - ring of see invisible
MPRegen 0.12/turn               q - +6 ring of strength

@: no status effects
A: no striking features
a: Renounce Religion


You were on level 4 of the Dungeon.
You worshipped Vehumet.
Vehumet was pleased with you.
You visited 1 branch of the dungeon, and saw 4 of its levels.

You collected 120 gold pieces.

Inventory:

Hand Weapons
 a - a +0 dagger
 o - a +3 morningstar (weapon)
Missiles
 h - 14 arrows
Armour
 b - a +0 robe (worn)
 c - a +0 hat (worn)
 p - a +1 chain mail of poison resistance
Jewellery
 k - a ring of see invisible (left hand)
 q - a +6 ring of strength (right hand)
Scrolls
 d - a scroll of torment {unknown}
 f - a scroll of immolation {unknown}
 i - 2 scrolls of teleportation {unknown}
 j - 3 scrolls of identify {unknown}
 l - a scroll of fear {unknown}
 m - 2 scrolls of summoning {unknown}
 r - a scroll of acquirement {unknown}
Potions
 e - a potion of attraction {unknown}
 g - a potion of heal wounds {unknown}
 n - 2 potions of flight {unknown}


   Skills:
 - Level 2.0 Dodging
 - Level 2.0 Stealth
 * Level 4.2 Spellcasting
 * Level 3.0 Conjurations
 * Level 1.8 Summonings
 * Level 1.6 Translocations
 * Level 1.2 Fire Magic


You had 4 spell levels left.
You knew the following spells:

 Your Spells              Type           Power      Damage    Failure   Level
a - Magic Dart            Conj           52%        1d5       4%          1
b - Blink                 Tloc           18%        N/A       12%         2
c - Call Imp              Summ           9%         N/A       11%         2
d - Foxfire               Conj/Fire      40%        2x1d6     6%          1
e - Static Discharge      Conj/Air       8%         N/A       12%         2

Your spell library contained the following spells:

 Spells                   Type           Power      Damage    Failure   Level
 Slow                     Hex            12%        N/A       16%         1
 Conjure Flame            Conj/Fire      10%        6-21      19%         3
 Mephitic Cloud           Conj/Pois/Air  7%         N/A       30%         3
 Confusing Touch          Hex            3%         N/A       43%         3
 Vampiric Draining        Necr           3%         2d6       43%         3


Dungeon Overview and Level Annotations

Branches:
Dungeon (4/15)
 Temple: D:4-7

Altars:
Dithmenos
Vehumet
Xom

Shops:
D:3 *


Message History

The sky beast hits you. The sky beast shocks you.
* * * LOW HITPOINT WARNING * * *
Casting: Foxfire (safe; 6% risk of failure)
Confirm with . or Enter, or press ? or * to list all spells.
You conjure some foxfire!
The foxfire hits the sky beast but does no damage.
The sky beast is moderately wounded.
The foxfire hits the sky beast but does no damage.
The sky beast is moderately wounded.
The sky beast barely misses you.
Casting: Foxfire (safe; 6% risk of failure)
Confirm with . or Enter, or press ? or * to list all spells.
A beastly little devil appears in a puff of flame.
The foxfire hits the sky beast.
The sky beast is heavily wounded.
The foxfire hits the sky beast but does no damage.
The sky beast is heavily wounded.
The sky beast misses you.
Casting: Call Imp (safe; 11% risk of failure)
Confirm with . or Enter, or press ? or * to list all spells.
You conjure some foxfire!
The sky beast hits you.
* * * LOW HITPOINT WARNING * * *
The sky beast shocks you.
* * * LOW HITPOINT WARNING * * *
Your crimson imp closely misses the sky beast.
You miss the sky beast.
The sky beast is heavily wounded.
The foxfire hits the sky beast.
The sky beast is heavily wounded.
The foxfire hits the sky beast but does no damage.
The sky beast is heavily wounded.
The sky beast completely misses you.
Your crimson imp barely misses the sky beast.
You miss the sky beast.
The sky beast is heavily wounded.
The sky beast closely misses you.
Your crimson imp misses the sky beast.
The sky beast hits you.
* * * LOW HITPOINT WARNING * * *
The sky beast shocks you.
You die...

#.#.......# #......# #+#
#.#.......# #......#
#.####.#.......# #......#
#.#............# #......#
#'#'#..........# #......#######
.....####.....## +....>........
.....# ########+#.............
.....####......................
................@..............
................Y..............
...##.##.........5†......###...
..##...##................#
^.#..#..#.######'#.......# ..#
#[#.#†....5..#.......# ...
#....########.......# #!#.#.#
#.......# ..#..#.# #.......#


You could see a sky beast (ally target) and a friendly crimson imp (summoned).

Vanquished Creatures
  A hound zombie (D:3)
  A hound skeleton (D:3)
  4 adders
  4 adder zombies (D:3)
  An adder skeleton (D:3)
  2 dart slugs (D:2)
  4 endoplasms
  4 giant cockroaches
  3 goblins
  4 hobgoblins
  3 jackals (D:3)
  4 quokkas
  5 ball pythons
  A ball python skeleton (D:3)
  A ball python zombie (D:3)
  5 bats
  3 frilled lizards
  A giant cockroach zombie (D:3)
  A kobold (D:3)
  5 rats
57 creatures vanquished.

Vanquished Creatures (collateral kills)
  Terence (D:3)
  A howler monkey skeleton (D:3)
  A ball python (D:4)
  A hobgoblin (D:2)
  A foxfire (D:3)
5 creatures vanquished.

Vanquished Creatures (others)
  169 foxfires
169 creatures vanquished.

Grand Total: 231 creatures vanquished

Notes
Turn   | Place    | Note
-------+----------+-------------------------------------------
     0 | D:1      | zap2161 the Human Hedge Wizard began the quest for the Orb.
     0 | D:1      | Reached XP level 1. HP: 13/13 MP: 4/4
   120 | D:1      | Reached XP level 2. HP: 19/19 MP: 3/6
   123 | D:1      | Learned a level 2 spell: Blink
   175 | D:1      | Learned a level 2 spell: Call Imp
   304 | D:1      | Found a faded altar of an unknown god.
   311 | D:1      | Prayed at the altar of an unknown god.
   311 | D:1      | Became a worshipper of Vehumet
   311 | D:1      | Reached * piety under Vehumet
   311 | D:1      | Offered knowledge of Foxfire by Vehumet.
   314 | D:1      | Learned a level 1 spell: Foxfire
   844 | D:2      | Reached XP level 3. HP: 23/24 MP: 2/7
  1288 | D:2      | Reached XP level 4. HP: 30/30 MP: 5/9
  1363 | D:2      | Offered knowledge of Static Discharge by Vehumet.
  1368 | D:2      | Learned a level 2 spell: Static Discharge
  1447 | D:3      | Reached ** piety under Vehumet
  1475 | D:3      | Noticed Terence
  1613 | D:2      | You fall into a shaft and drop 1 floor!
  1796 | D:3      | Reached XP level 5. HP: 16/35 MP: 2/10
  1924 | D:3      | Found a shadowy altar of Dithmenos.
  2020 | D:3      | Reached skill level 1 in Fire Magic
  2028 | D:3      | Reached skill level 4 in Spellcasting
  2101 | D:3      | Found Ylerikuk's General Store.
  2193 | D:3      | Killed Terence
  2335 | D:3      | Found a shimmering altar of Xom.
  2495 | D:4      | Noticed a sky beast
  2523 | D:4      | HP: 1/35 [sky beast (1)]
  2523 | D:4      | Slain by a sky beast

Illustrated notes

Levels and vault maps discovered:
D:1:      minmay_arrival_four_houses, layout_loops_ring,
          dilly_ecumenical_altar_fadedgnrine, minmay_misc_feat_roman,
          hangedman_decor_opposing
D:2:      layout_basic
D:3:      layout_rooms, gammafunk_temple_overflow_pools, serial_shops, shop,
          serial_undead, serial_undead_e, serial_undead_c, serial_undead_e,
          serial_undead_a, serial_undead_f, serial_undead_a, serial_undead_d,
          serial_undead_c, uniq_terence
D:4:      layout_basic, dk_vineyard_1, minmay_box_of_dots

Skill      XL: |  1  2  3  4  5 |
---------------+----------------+-----
Conjurations   | 2 3 |  3.0
Fire Magic     | 1 |  1.2
Spellcasting   | 4 |  4.2
Dodging        | |  2.0
Stealth        | |  2.0
Summonings     | |  1.8
Translocations | |  1.6

Action                   |  1- 3 |  4- 6 || total
-------------------------+-------+-------++-------
Melee: Dagger            |    33 |    15 ||    48
       Morningstar       |       |     6 ||     6
 Cast: Magic Dart        |    20 |     3 ||    23
       Foxfire           |    28 |    82 ||   110
       Blink             |     1 |     1 ||     2
       Call Imp          |     3 |    11 ||    14
 Stab: Sleeping          |     1 |       ||     1
Armor: Robe              |     3 |    13 ||    16
Dodge: Dodged            |    27 |    56 ||    83

Table legend: (Time is in decaauts)
 A = Elapsed time spent in this place.
 B = Non-inter-level travel time spent in this place.
 C = Inter-level travel time spent in this place.
 D = Time resting spent in this place.
 E = Time spent auto-exploring this place.
 F = Levels seen in this place.
 G = Mean time per level.
                   A        B        C        D        E       F      G
               +--------+--------+--------+--------+--------+-----+--------+
         Total |   2524 |   2524 |      0 |      0 |      0 |   4 |  631.0 |
       Dungeon |   2524 |   2524 |      0 |      0 |      0 |   4 |  631.0 |
               +--------+--------+--------+--------+--------+-----+--------+

Top non-repeatable levels by time:
     D:3: 821 daAuts
     D:2: 787 daAuts
     D:1: 763 daAuts
     D:4: 152 daAuts
